 Dungeon Crawl Stone Soup version 0.24-a0-335-g06ca16a (webtiles) character file.

Game seed: 5475926800217359534

14 mhoghedin the Grave Robber (level 2, -1/19 HPs)
             Began as a Mummy Necromancer on May 18, 2019.
             Slain by a gnoll
             ... wielding a +0 halberd
              (14 damage)
             ... on level 1 of the Dungeon.
             The game lasted 00:01:05 (309 turns).

mhoghedin the Grave Robber (Mummy Necromancer)       Turns: 309, Time: 00:01:06

Health: -1/19      AC:  2    Str: 11    XL:     2   Next: 27%
Magic:  5/6        EV: 12    Int: 14    God:
Gold:   30         SH:  0    Dex: 12    Spells: 6/7 levels left

rFire    x . .     SeeInvis .   d - +0 whip
rCold    + . .     Gourm    .   (no shield)
rNeg     + + +     Faith    .   a - +0 robe
rPois    ∞         Spirit   .   (no helmet)
rElec    .         Reflect  .   (no cloak)
rCorr    .         Harm     .   (no gloves)
MR       .....                  (no boots)
Stlth    ++........             (no amulet)
HPRegen  0.06/turn              (no ring)
MPRegen  0.10/turn              (no ring)

@: no status effects
A: no food or potions, fire vulnerability, cold resistance 1, negative energy
resistance 3, torment resistance, unbreathing
a: no special abilities


You were on level 1 of the Dungeon.
You were not hungry.

You visited 1 branch of the dungeon, and saw 1 of its levels.

You collected 30 gold pieces.

Inventory:

Hand Weapons
 d - a +0 whip (weapon)
   (You found it on level 1 of the Dungeon)
Missiles
 b - 8 poisoned darts (quivered)
 c - 4 javelins
Armour
 a - a +0 robe (worn)


   Skills:
 - Level 1.5 Dodging
 - Level 1.5 Stealth
 + Level 3.3 Spellcasting
 + Level 4.3 Necromancy


You had 6 spell levels left.
You knew the following spells:

 Your Spells              Type           Power        Failure   Level  Hunger
a - Pain                  Necr           ##..         3%          1    N/A

Your spell library contained the following spells:

 Spells                   Type           Power        Failure   Level  Hunger
 Animate Skeleton         Necr           N/A          3%          1    N/A
 Vampiric Draining        Necr           ##........   11%         3    N/A
 Animate Dead             Necr           N/A          34%         4    N/A
 Regeneration             Chrm/Necr      Unusable     N/A         3    N/A

Dungeon Overview and Level Annotations

Branches:
Dungeon (1/15)

Altars:


Innate Abilities, Weirdness & Mutations

You do not eat or drink.
Your flesh is vulnerable to fire.
You are immune to poison.
Your flesh is cold resistant. (rC+)
You are immune to negative energy. (rN+++)
You are immune to unholy pain and torment.
You can survive without breathing.


Message History

You drop 14 bolts.
You see here a leather armour.
You see here 16 poisoned darts.
b - 16 poisoned darts You see here 14 bolts.
You see here a goblin corpse.
Found a stone staircase leading down.
Health restored: 19 You regained 2 mp, and now have 3/6 mp.
Quiver which item? (- for none, * to show all) (? for menu, Esc to quit)
Quivering
b - 16 poisoned darts for throwing.
You see here a giant cockroach corpse.
You now have 30 gold pieces (gained 6).
You see here 21 arrows.
A bat comes into view.
MP restored: 6 A bat is nearby!
Aim: a bat (resting, chance to defeat MR: 85%)
The bat writhes in agony.
You now have 5/6 mp.
Aim: a bat (moderately wounded, chance to defeat MR: 85%)
The bat barely resists.
The bat barely misses you.
You now have 4/6 mp.
Aim: a bat (chance to defeat MR: 85%)
The bat writhes in agony.
You kill the bat!
You now have 3/6 mp.
You can't see any susceptible monsters within range! (Use Z to cast anyway.)
A rat comes into view.
A rat is nearby!
Aim: a rat (resting, chance to defeat MR: 85%)
The rat writhes in agony.
You kill the rat!
You now have 2/6 mp.
You can't see any susceptible monsters within range! (Use Z to cast anyway.)
You can't see any susceptible monsters within range! (Use Z to cast anyway.)
A leopard gecko and a gnoll come into view.
There are monsters nearby!
Aim: a leopard gecko (resting, chance to defeat MR: 85%)
The leopard gecko hisses angrily.
The leopard gecko writhes in agony.
The gnoll shouts!
You now have 2/6 mp.
Aim: a leopard gecko (severely wounded, clinging, chance to defeat MR: 85%)
You miscast Pain.
You are very lightly contaminated with residual magic.
Your bandages flutter.
The leopard gecko closely misses you.
A kobold comes into view.
You now have 1/6 mp.
The leopard gecko closely misses you.
You see here a rat corpse.
The leopard gecko bites you. The leopard gecko barely misses you.
You take 2 damage, and have 17/19 hp.
Throwing (i - inventory. (/) - cycle)
b - 16 poisoned darts (quivered)
Aim: a gnoll, wielding a +0 halberd You throw a poisoned dart.
The poisoned dart hits the leopard gecko.
The leopard gecko is poisoned.
The leopard gecko barely misses you.
Throwing (i - inventory. (/) - cycle)
b - 15 poisoned darts (quivered)
Aim: a gnoll, wielding a +0 halberd You throw a poisoned dart.
The poisoned dart hits the leopard gecko.
The leopard gecko looks even sicker.
You kill the leopard gecko!
The gnoll closely misses you.
You see here 21 arrows.
Throwing (i - inventory. (/) - cycle)
b - 14 poisoned darts (quivered)
Aim: a gnoll, wielding a +0 halberd You throw a poisoned dart.
The poisoned dart hits the gnoll.
The gnoll hits you from afar with a +0 halberd.
You take 6 damage, and have 12/19 hp.
MASSIVE DAMAGE!!
Throwing (i - inventory. (/) - cycle)
b - 13 poisoned darts (quivered)
Aim: a gnoll, wielding a +0 halberd You throw a poisoned dart.
The poisoned dart hits the gnoll.
The gnoll is poisoned.
Your magical contamination has completely faded away.
The gnoll looks more healthy.
Throwing (i - inventory. (/) - cycle)
b - 12 poisoned darts (quivered)
Aim: a gnoll, wielding a +0 halberd (heavily wounded)
You throw a poisoned dart. The poisoned dart hits the gnoll.
The gnoll is poisoned.
The gnoll completely misses you. The gnoll completely misses you.
The gnoll looks more healthy.
There is a stone staircase leading down here.
Throwing (i - inventory. (/) - cycle)
b - 11 poisoned darts (quivered)
Aim: a gnoll, wielding a +0 halberd (severely wounded)
You throw a poisoned dart.
The poisoned dart barely misses the gnoll.
Throwing (i - inventory. (/) - cycle)
b - 10 poisoned darts (quivered)
Aim: a gnoll, wielding a +0 halberd (severely wounded)
You throw a poisoned dart.
The poisoned dart completely misses the gnoll.
The gnoll misses you.
Throwing (i - inventory. (/) - cycle)
b - 9 poisoned darts (quivered)
Aim: a gnoll, wielding a +0 halberd (severely wounded)
You throw a poisoned dart. The poisoned dart hits the gnoll.
The gnoll hits you from afar with a +0 halberd!
Ouch! That really hurt!
You die...

#.#.# ####.#.#
###....#.#### #...........#
#.....##.##.#
#........##.##### ##
#....######.#...##########.
#....######.#.#...#...##...
#.........@.g..>.....((....
###########.......#########
#......†....#.#
#.......#####.# #######†#
#.# #####.# #.# #...#.# #.#
#...#.# #.# ###### #...#.#
#[# #.....


You could see a gnoll.

Vanquished Creatures
  A leopard gecko (D:1)
  2 giant cockroaches (D:1)
  2 goblins (D:1)
  2 hobgoblins (D:1)
  2 bats (D:1)
  2 rats (D:1)
11 creatures vanquished.

Notes
Turn   | Place    | Note
-------+----------+-------------------------------------------
     0 | D:1      | mhoghedin the Mummy Necromancer began the quest for the
                  | Orb.
     0 | D:1      | Reached XP level 1. HP: 13/13 MP: 4/4
    62 | D:1      | Reached skill level 3 in Spellcasting
   178 | D:1      | Reached XP level 2. HP: 17/19 MP: 1/6
   309 | D:1      | Slain by a gnoll

Levels and vault maps discovered:
D:1:      elethiomel_arrival_quiet, layout_basic

Skill      XL: |  1 |
---------------+----+-----
Spellcasting   | 3 |  3.3
Dodging        | |  1.5
Stealth        | |  1.5
Necromancy     | |  4.3

Action                   || total
-------------------------++-------
Melee: Whip              ||     4
Throw: Dart              ||     8
 Cast: Pain              ||    19
Armor: Robe              ||     1
Dodge: Dodged            ||    12

Table legend:
 A = Non-vault XP
 B = Vault XP
 C = Vault XP percentage of total XP
 D = Non-vault monster count
 E = Vault monster count
 F = Vault count percentage of total count
                 A         B        C        D         E       F
            +---------+---------+-------+---------+---------+-------
      Total |      20 |       0 |   0.0 |      11 |       0 |   0.0
            +---------+---------+-------+---------+---------+-------
        D:1 |      20 |       0 |   0.0 |      11 |       0 |   0.0
            +---------+---------+-------+---------+---------+-------

Levels and vault maps discovered:
D:1:      elethiomel_arrival_quiet, layout_basic

Table legend:
 A = Turns spent in this place as a percentage of turns spent in the entire game.
 B = Non-inter-level travel turns spent in this place as a percentage of non-inter-level travel turns spent in the entire game.
 C = Inter-level travel turns spent in this place as a percentage of turns spent in this place.
 D = Turns resting spent in this place as a percentage of non-inter-level travel turns spent in this place.
 E = Turns spent auto-exploring this place as a percentage of non-inter-level travel turns spent in this place.
 F = Non-inter-level travel turns spent in this place divided by the number of levels of this place that you've seen.
                   A       B       C       D       E      F
               +-------+-------+-------+-------+-------+----------------------
         Total | 100.0 | 100.0 |   0.0 |  20.7 |  41.7 | 309.0
       Dungeon | 100.0 | 100.0 |   0.0 |  20.7 |  41.7 | 309.0
               +-------+-------+-------+-------+-------+----------------------

Table legend:
 A = Kills in this place as a percentage of kills in entire the game.
 B = Kills by you in this place as a percentage of kills by you in the entire game.
 C = Kills by friends in this place as a percentage of kills by friends in the entire game.
 D = Other kills in this place as a percentage of other kills in the entire game.
 E = Experience gained in this place as a percentage of experience gained in the entire game.
 F = Experience gained in this place divided by the number of levels of this place that you have seen.
                   A       B       C       D       E      F
               +-------+-------+-------+-------+-------+----------------------
         Total | 100.0 | 100.0 |   N/A |   N/A | 100.0 |  20.0
       Dungeon | 100.0 | 100.0 |   N/A |   N/A | 100.0 |  20.0
               +-------+-------+-------+-------+-------+----------------------
